 Dungeon Crawl Stone Soup version 0.20-a0-551-gc8f91ca (webtiles) character file.

44030 M4edhros the Covert (level 14, -2/81 HPs)
             Began as an Octopode Artificer on Feb 3, 2017.
             Was a High Priest of Cheibriados.
             Slain by an orc knight
             ... wielding a +3 great sword
              (30 damage)
             ... on level 2 of the Orcish Mines on Feb 4, 2017.
             The game lasted 01:22:45 (9165 turns).

M4edhros the Covert (Octopode Artificer)            Turns: 9165, Time: 01:22:46

Health: -2/81      AC:  1    Str: 27    XL:     14   Next: 26%
Magic:  2/24       EV: 28    Int: 26    God:    Cheibriados [*****.]
Gold:   979        SH: 26    Dex: 31    Spells: 3/27 levels left

rFire    + + +     SeeInvis .   G - +10 hand axe of Wrongful Imprisonment {venom, rF+}
rCold    + + .     Gourm    .   C - +5 large shield
rNeg     + . .     Faith    .   (helmet restricted)
rPois    .         Spirit   .   j - amulet of regeneration
rElec    .         Reflect  .   r - ring of protection from fire
rCorr    .         Harm     .   d - +4 ring of evasion
MR       +....     Clarity  +   p - ring of positive energy
Stlth    +++++++...             (no ring)
Regen    0.7/turn               t - ring of protection from cold
                                V - +2 ring of dexterity
                                o - +4 ring of strength
                                L - +4 ring of evasion

@: drained, very slow
A: almost no armour, stealthy swim, amphibious, 8 rings, constrict 8, tentacle
spike 1, camouflage 1, clarity, cold resistance 1, fire resistance 1, frail 1,
gelatinous body 1
a: Bend Time, Temporal Distortion, Slouch, Step From Time, Renounce Religion


You were on level 2 of the Orcish Mines.
You worshipped Cheibriados.
Cheibriados was extremely pleased with you.
You were hungry.

You visited 3 branches of the dungeon, and saw 19 of its levels.
You also visited: Labyrinth and Ice Cave.

You collected 1294 gold pieces.
You spent 315 gold pieces at shops.

Inventory:

Hand Weapons
 v - a +0 blowgun
 G - the +10 hand axe of Wrongful Imprisonment (weapon) {venom, rF+}
   (You found it on level 6 of the Dungeon)

   It poisons the flesh of those it strikes.
   It protects you from fire.
 M - a +2 dagger of electrocution
Missiles
 a - 3 throwing nets
 l - 371 stones (quivered)
 w - 26 poisoned needles
 x - 109 sling bullets
Armour
 C - a +5 large shield (worn)
 X - a +1 buckler of poison resistance
Jewellery
 d - a +4 ring of evasion (right tentacle)
 e - the cursed necklace of Bloodlust {*Rage +Rage MR++ Int-3 Slay+6 *Curse}
   (You took it off a minotaur in a labyrinth)

   [amulet of rage]

   It affects your intelligence (-3).
   It affects your accuracy and damage with ranged weapons and melee attacks
   (+6).
   It affects your resistance to hostile enchantments.
   It lets you go berserk.
   It may make you go berserk in combat.
   It curses itself when equipped.
   It has a curse placed upon it.
 j - an amulet of regeneration (around mantle)
 o - a +4 ring of strength (on tentacle)
 p - a ring of positive energy (on tentacle)
 r - a ring of protection from fire (left tentacle)
 t - a ring of protection from cold (on tentacle)
 L - a +4 ring of evasion (on tentacle)
 V - a +2 ring of dexterity (on tentacle)
Wands
 b - a wand of flame (32/48)
 c - a wand of enslavement (7/24)
 k - a wand of lightning (8/15)
 q - a wand of acid (0/15)
 s - a wand of iceblast (4/15)
 u - a wand of acid (3/15)
 A - a wand of paralysis (17/24)
 D - a wand of confusion (16/48)
 K - a wand of acid (0/15)
 P - a wand of digging (6/24)
 Q - a wand of disintegration (15/24)
 S - a wand of iceblast (6/15)
 T - a wand of confusion (26/48)
 U - a wand of lightning (9/15)
 Y - a wand of confusion (26/48)
Scrolls
 g - 4 scrolls of recharging
 h - 7 scrolls of teleportation
 y - a scroll of fear
 N - a scroll of vulnerability
 W - a scroll of blinking
Potions
 m - 3 potions of cancellation
 B - a potion of curing
 O - a potion of agility
 Z - a potion of resistance
Books
 H - the Catalogue of Beguiling and the Entourage
   (You found it on level 6 of the Lair of Beasts)

   Spells                             Type                      Level
   a - Gell's Gravitas                Hexes/Translocation          3
   b - Leda's Liquefaction            Hexes/Earth                  4
   c - Summon Ice Beast               Ice/Summoning                4
   d - Summon Mana Viper              Hexes/Summoning              5
   e - Summon Forest                  Summoning/Translocation      5
Miscellaneous
 n - a phantom mirror
 z - a sack of spiders
Comestibles
 f - 12 bread rations
 E - 4 meat rations
 F - 3 royal jellies
 J - 4 fruits


   Skills:
 - Level 6.2(5.9) Fighting
 - Level 1.0(0.7) Short Blades
 - Level 6.5(6.2) Axes
 - Level 8.6(8.3) Dodging
 + Level 12.5(12.1) Stealth
 * Level 11.4(11.0) Shields
 - Level 5.1(4.8) Unarmed Combat
 - Level 7.1(6.8) Spellcasting
 - Level 6.6(6.3) Conjurations
 - Level 3.4(3.1) Hexes
 - Level 2.7(2.4) Fire Magic
 - Level 3.6(3.4) Poison Magic
 - Level 6.5(6.2) Invocations
 + Level 7.9(7.6) Evocations


You had 3 spell levels left.
You knew the following spells:

 Your Spells              Type           Power        Failure   Level  Hunger
a - Summon Lightning Spi  Summ/Air       #.......     100%        4    ###....
b - Dazzling Spray        Conj/Hex       ####..       21%         3    None
c - Mephitic Cloud        Conj/Pois/Air  ####....     38%         3    None
d - Conjure Flame         Conj/Fire      ####....     21%         3    None
e - Blink                 Tloc           N/A          67%         2    None
f - Repel Missiles        Chrm/Air       #.....       67%         2    None
g - Tukima's Dance        Hex            ####....     38%         3    None
i - Fulminant Prism       Conj/Hex       ####......   69%         4    ###....


Dungeon Overview and Level Annotations

Branches:
Dungeon (11/15)            Temple (0/1) D:6            Lair (6/6) D:10
 Shoals (0/4) Lair:2       Spider (0/4) Lair:4        Slime (0/5) Lair:5
    Orc (2/2) D:9
    Elf: Orc:2

Altars:
Cheibriados
Fedhas
Gozag
Hepliaklqana
Okawaru
Trog
Xom

Shops:
D:11 [   Orc:1 }   Orc:2 !!

Annotations:
D:3 Grinder
Lair:5 exclusion: hydra


Innate Abilities, Weirdness & Mutations

You cannot wear most types of armour.
You are very stealthy in the water. (Stealth+)
You are amphibious.
You can wear up to eight rings at the same time.
You can use your tentacles to constrict eight enemies at once.
Your skin changes colour to match your surroundings (Stealth+).
Your rubbery body absorbs attacks. (AC +1, EV +1)
One of your tentacles bears a spike.
You possess an exceptional clarity of mind.
Your flesh is cold resistant. (rC+)
Your flesh is heat resistant. (rF+)
You are frail. (-10% HP)


Message History

You pierce the orc knight, but do no damage.
You squeeze the orc knight!
The orc knight is moderately wounded.
You hit the orc sorcerer.
The orc sorcerer looks as sick as possible!
You slash the orc knight!
The orc knight is poisoned.
You constrict the orc knight, but do no damage.
You block the orc knight's attack.
The orc knight hits you with an enchanted great sword!
The orc sorcerer hits you with a dagger.
You barely miss the orc knight.
You pierce the orc knight, but do no damage.
The orc knight is heavily wounded.
You miss the orc sorcerer. You closely miss the orc knight.
You constrict the orc knight, but do no damage.
You block the orc knight's attack.
The orc sorcerer gestures at you while chanting.
The bolt of negative energy hits you! You partially resist.
You feel drained.
The orc knight hits you with an enchanted great sword!!
You die...

###### ##÷....##
###.......∩
#...÷.)....
##..))...÷..
##.÷.)o.§....
#..).@o))÷...
##.))#.o...÷.∩
#...##.÷.÷..##
#...###..####
#....#####
##.....####### ##
##..........#
##.####.........# ##
#...#.###.......####


You could see 2 orc knights and an orc sorcerer.

Vanquished Creatures
  A frost giant (IceCv)
  3 dire elephants (Lair:6)
  A minotaur (Lab)
  2 hydras (Lair:6)
  The ghost of Lahna the Skirmisher, a journeyman DsGl of Cheibriados (Lair:1)
  A two-headed ogre (D:7)
  An anaconda (Lair:6)
  A death yak (IceCv)
  3 orc high priests (Orc:2)
  2 orc knights (Orc:2)
  An orb spider (Lair:4)
  A deep elf mage (D:11)
  2 orc sorcerers (Orc:2)
  A wolf spider (Lair:2)
  4 elephants (Lair:6)
  5 black mambas
  3 gargoyles (Lab)
  10 spiny frogs
  A komodo dragon (Lair:4)
  2 trolls
  15 polar bears
  8 blink frogs
  A hippogriff (Lair:3)
  7 dream sheep (Lair:6)
  4 wyverns
  28 yaks
  A hungry ghost (D:7)
  A steam dragon (D:11)
  2 basilisks
  Menkaure (D:4)
  A warg (D:9)
  6 water moccasins
  7 porcupines
  17 orc warriors
  A sky beast (D:8)
  2 ice beasts
  2 black bears
  6 ogres
  4 phantoms
  A necrophage (D:11)
  27 wolves
  3 centaurs
  11 crocodiles
  A big kobold (D:6)
  18 bullfrogs
  2 wyvern skeletons
  4 scorpions
  10 killer bees
  An electric eel (Lair:2)
  A bullfrog zombie (D:5)
  4 centaur zombies
  3 crimson imps
  2 jellies (D:9)
  15 orc priests
  3 centaur skeletons
  2 hounds
  21 orc wizards
  2 bullfrog skeletons
  2 iguanas
  A hell rat (Lair:5)
  6 worker ants
  A hound skeleton (D:11)
  A worker ant zombie (D:7)
  Robin (D:4)
  13 adders
  2 adder zombies (D:8)
  3 worms
  2 dart slugs
  5 leopard geckos
  55 orcs
  3 giant cockroaches (D:3)
  11 goblins
  4 hobgoblins
  9 jackals
  A quokka (D:6)
  2 ball pythons (D:1)
  A ball python skeleton (D:4)
  4 bats
  3 frilled lizards
  11 kobolds
  7 rats
  4 fungi
  5 plants
448 creatures vanquished.

Vanquished Creatures (collateral kills)
  4 goblins (D:4)
  A hobgoblin (D:4)
5 creatures vanquished.

Vanquished Creatures (others)
  A gargoyle (Lab)
  A warg (D:9)
  A ball python (D:1)
  16 fungi
  21 plants
40 creatures vanquished.

Grand Total: 493 creatures vanquished

Notes
Turn   | Place    | Note
-------+----------+-------------------------------------------
     0 | D:1      | M4edhros the Octopode Artificer began the quest for the Orb.
     0 | D:1      | Reached XP level 1. HP: 13/13 MP: 3/3
   181 | D:2      | Found a snail-covered altar of Cheibriados.
   189 | D:2      | Became a worshipper of Cheibriados the Contemplative
   244 | D:1      | Reached skill level 2 in Stealth
   250 | D:1      | Reached skill level 1 in Unarmed Combat
   250 | D:1      | Reached XP level 2. HP: 9/18 MP: 4/4
   319 | D:1      | regen amulet and chei early
   658 | D:3      | Reached * piety under Cheibriados
   683 | D:3      | Reached XP level 3. HP: 19/23 MP: 5/5
   768 | D:3      | Found an opulent altar of Gozag.
   813 | D:3      | Found a blossoming altar of Fedhas.
   940 | D:3      | Noticed Grinder
  1042 | D:2      | Reached skill level 3 in Stealth
  1042 | D:2      | Reached XP level 4. HP: 23/28 MP: 6/6
  1075 | D:2      | Learned a level 2 spell: Searing Ray
  1257 | D:2      | Reached ** piety under Cheibriados
  1363 | D:4      | Noticed an ogre
  1371 | D:4      | Killed an ogre
  1371 | D:4      | Reached skill level 1 in Conjurations
  1371 | D:4      | Reached XP level 5. HP: 33/33 MP: 7/7
  1419 | D:4      | nice! 4 ev ring
  1458 | D:4      | Noticed Menkaure
  1459 | D:4      | Noticed Robin
  1468 | D:4      | Noticed a phantom
  1468 | D:4      | Killed Robin
  1477 | D:4      | Gained mutation: Your flesh is cold resistant. (rC+) [potion of mutation]
  1477 | D:4      | Gained mutation: You have a pair of small antennae on your head. [potion of mutation]
  1477 | D:4      | Gained mutation: You are frail. (-10% HP) [potion of mutation]
  1487 | D:4      | Killed a phantom
  1487 | D:4      | Reached XP level 6. HP: 35/35 MP: 8/8
  1489 | D:4      | Killed Menkaure
  1489 | D:4      | Reached skill level 4 in Stealth
  1534 | D:5      | Entered Level 5 of the Dungeon
  1579 | D:5      | Learned a level 3 spell: Dazzling Spray
  1793 | D:5      | Reached XP level 7. HP: 35/40 MP: 3/9
  1901 | D:5      | Reached skill level 1 in Shields
  1945 | D:6      | Reached *** piety under Cheibriados
  1991 | D:6      | Found a staircase to the Ecumenical Temple.
  2004 | D:6      | Got a faintly glowing hand axe
  2131 | D:7      | Noticed a hungry ghost
  2176 | D:7      | Killed a hungry ghost
  2176 | D:7      | Reached skill level 1 in Invocations
  2234 | D:7      | Reached skill level 5 in Unarmed Combat
  2234 | D:7      | Reached XP level 8. HP: 45/45 MP: 10/10
  2306 | D:7      | Identified the +10 hand axe of Wrongful Imprisonment {venom, rF+} (You found it on level 6 of the Dungeon)
  2337 | D:7      | Reached skill level 5 in Stealth
  2363 | D:6      | Found an iron altar of Okawaru.
  2493 | D:6      | Reached skill level 1 in Spellcasting
  2521 | D:6      | Learned a level 3 spell: Mephitic Cloud
  2551 | D:7      | Noticed a two-headed ogre
  2557 | D:7      | Reached **** piety under Cheibriados
  2567 | D:7      | Killed a two-headed ogre
  2567 | D:7      | Reached skill level 6 in Stealth
  2567 | D:7      | Reached XP level 9. HP: 21/52 MP: 10/13
  2589 | D:7      | Learned a level 3 spell: Conjure Flame
  2592 | D:7      | Learned a level 2 spell: Blink
  2595 | D:7      | Learned a level 2 spell: Repel Missiles
  2698 | D:8      | Reached skill level 5 in Conjurations
  2713 | D:8      | Reached skill level 5 in Dodging
  2724 | D:8      | Found a blossoming altar of Fedhas.
  2861 | D:8      | Reached ***** piety under Cheibriados
  2863 | D:8      | Reached skill level 7 in Stealth
  2979 | D:6      | Reached XP level 10. HP: 53/57 MP: 16/16
  3026 | D:6      | Found a bloodstained altar of Trog.
  3252 | D:9      | Reached skill level 5 in Spellcasting
  3330 | D:9      | Found a shimmering altar of Xom.
  3469 | D:9      | Learned a level 3 spell: Tukima's Dance
  3474 | D:9      | Found a staircase to the Orcish Mines.
  3639 | D:9      | Found a hazy altar of Hepliaklqana.
  3666 | D:10     | Entered Level 10 of the Dungeon
  3748 | D:10     | Found a staircase to the Lair.
  3957 | D:11     | Learned a level 3 spell: Confuse
  3970 | D:11     | Reached skill level 8 in Stealth
  4013 | D:11     | Found Eskugumo's Antique Armour Boutique.
  4060 | D:11     | Reached skill level 5 in Fighting
  4079 | D:11     | Found a frozen archway.
  4080 | D:11     | Noticed a deep elf mage
  4090 | D:11     | Killed a deep elf mage
  4090 | D:11     | Reached skill level 1 in Fire Magic
  4090 | D:11     | Reached skill level 5 in Invocations
  4090 | D:11     | Reached XP level 11. HP: 60/63 MP: 20/20
  4121 | IceCv    | Entered an ice cave
  4231 | IceCv    | Reached skill level 5 in Shields
  4252 | IceCv    | Reached ****** piety under Cheibriados
  4486 | IceCv    | Got a fine great sword
  4488 | IceCv    | Identified the +6 great sword of Ash {antimagic, SInv} (You found it in an ice cave)
  4608 | IceCv    | Noticed a death yak
  4631 | IceCv    | Killed a death yak
  4631 | IceCv    | Reached skill level 1 in Axes
  4631 | IceCv    | Reached skill level 9 in Stealth
  4633 | IceCv    | Reached skill level 1 in Hexes
  4761 | IceCv    | Noticed a frost giant
  4808 | IceCv    | Reached XP level 12. HP: 64/71 MP: 17/22
  4888 | IceCv    | Gained mutation: Your flesh is heat resistant. (rF+) [potion of beneficial mutation]
  4903 | IceCv    | Killed a frost giant
  4980 | IceCv    | Got an ichor-stained shortbow
  4999 | IceCv    | Identified the +9 shortbow of Ravage {freeze, rF++} (You found it in an ice cave)
  5390 | D:11     | Bought a shiny buckler for 315 gold pieces
  5409 | D:11     | Noticed a two-headed ogre
  5435 | Lair:1   | Entered Level 1 of the Lair of Beasts
  5541 | Lair:1   | Noticed Lahna's ghost (journeyman DsGl)
  5714 | Lair:2   | Found a staircase to the Shoals.
  5729 | Lair:2   | Learned a level 4 spell: Fulminant Prism
  5964 | Lair:2   | Reached skill level 5 in Axes
  6235 | Lair:2   | Reached skill level 10 in Stealth
  6405 | Lair:3   | Found a labyrinth entrance.
  6419 | Lab      | Entered a labyrinth
  6535 | Lab      | Reached skill level 5 in Evocations
  6535 | Lab      | Reached XP level 13. HP: 74/74 MP: 23/23
  6596 | Lab      | Noticed a minotaur
  6725 | Lab      | Killed a minotaur
  6742 | Lab      | Got a twisted whip {flame}
  6765 | Lab      | Identified the cursed +3 whip of Vanity {flame, +Rage rF++ rC- rN+} (You took it off a minotaur in a labyrinth)
  6773 | Lab      | Got a crystal quarterstaff
  7199 | Lair:4   | Found a hole to the Spider Nest.
  7516 | Lair:5   | Gained mutation: You possess an exceptional clarity of mind. [potion of mutation]
  7516 | Lair:5   | Lost mutation: You have a pair of small antennae on your head. [potion of mutation]
  7711 | Lair:5   | Found a staircase to the Slime Pits.
  7762 | Lair:6   | Entered Level 6 of the Lair of Beasts
  7793 | Lair:6   | Reached skill level 11 in Stealth
  8159 | Lair:6   | Gained mutation: One of your tentacles bears a spike. [potion of beneficial mutation]
  8204 | Lair:6   | Reached skill level 10 in Shields
  8373 | Lair:6   | Noticed a dire elephant
  8385 | Lair:6   | Noticed a dire elephant
  8385 | Lair:6   | Noticed a dire elephant
  8394 | Lair:6   | Killed a dire elephant
  8398 | Lair:6   | Killed a dire elephant
  8419 | Lair:6   | Identified the Catalogue of Beguiling and the Entourage
  8455 | Lair:6   | Learned a level 4 spell: Summon Lightning Spire
  8479 | Lair:6   | Killed a dire elephant
  8645 | Lair:2   | Reached XP level 14. HP: 81/81 MP: 24/24
  8698 | Lair:1   | Killed Lahna's ghost
  8698 | Lair:1   | Reached skill level 12 in Stealth
  8812 | Orc:1    | Entered Level 1 of the Orcish Mines
  8957 | Orc:1    | Found Sutoxt's Quality Used Wands.
  9017 | Orc:2    | Entered Level 2 of the Orcish Mines
  9160 | Orc:2    | Found Waez's Distillery.
  9160 | Orc:2    | Found Pustiyc's Distillery.
  9165 | Orc:2    | Slain by an orc knight

Vault maps used:
D:1:      minmay_arrival_widening_spiral_wide, chequers_big_river, st_stairs_11
D:2:      lemuel_coloured_pillars_altar, overflow_temple_1_default,
          kennysheep_generic_room_9
D:3:      nicolae_gozag_seed_capital, kennysheep_decorative_pillar,
          roderic_nine_men_s_morris, fedhas_altar_3, uniq_grinder
D:4:      first_bread, uniq_menkaure, uniq_robin
D:5:      minmay_tree_intersection, bh_chokoban
D:6:      marbit_many_paths, minmay_temple_entry_glassed_door, basic_altar,
          st_stairs_3, lexackson_kobold_supper
D:7:      led_sif_book, grunt_livestock
D:8:      kennysheep_mini, kennysheep_boxes
D:9:      xom_butterflies, lemuel_round_altar, david_orc_1_choice, serial_shops,
          nicolae_shop_trees, minmay_misc_feat_room,
          hangedman_decor_diamond_cutter
D:10:     lair_entry_dummy
D:11:     portal_ice_cave_entry_pillars_1, serial_shops,
          nicolae_shop_behind_doors
Lair:2:   minmay_lair_venomous_thicket, shoals_dummy_entry,
          beast_lair_carwin_11, infiniplex_staircase_pool
Lair:3:   lab_entry_generic, patterned_corridor, infiniplex_staircase_pool_2,
          serial_bayou_shore_b, grunt_megastairs_4, minmay_lair_oklob_chamber
Lair:4:   nicolae_spider_entry_orb_guardian, kennysheep_basilisk_garden,
          serial_bayou_shore_b
Lair:5:   slime_dummy, grunt_megastairs_5
Lair:6:   due_jungle_book, lookout_lair_type
Orc:1:    basic_altar, nicolae_for_you_no_charge
Orc:2:    grunt_orc_tribal_feast, basic_altar, serial_shops, nicolae_shop_trees
Lab:      nicolae_lab_checkerboard, labyrinth_lava_lair, nicolae_lab_do_over,
          lab_block, labyrinth_skeletal_remains, nicolae_lab_garden,
          nicolae_lab_swirl, nicolae_lab_statue, nicolae_lab_plus,
          labyrinth_fake_exit, nicolae_lab_dead_end, nicolae_lab_blocks,
          nicolae_lab_lava, nicolae_lab_t_cross
IceCv:    ice_cave_caverns_01

Skill      XL: |  1  2  3  4  5  6  7  8  9 10 11 12 13 14 |
---------------+-------------------------------------------+-----
Stealth        | 2 3 4 6 7 8 9 10 11 12 | 12.5
Unarmed Combat | 1 2 3 4 5 |  5.1
Conjurations   | 1 2 3 4 5 6 |  6.6
Fighting       | 2 3 4 5 6 |  6.2
Shields        | 2 4 6 8 10 11 | 11.4
Dodging        | 3 4 5 6 7 8 |  8.6
Invocations    | 1 3 4 5 6 |  6.5
Spellcasting   | 3 4 6 7 |  7.1
Poison Magic   | 2 3 |  3.6
Fire Magic     | 1 2 |  2.7
Axes           | 2 5 6 |  6.5
Hexes          | 1 3 |  3.4
Evocations     | 5 7 |  7.9
Short Blades   | |  1.0

Action                   |  1- 3 |  4- 6 |  7- 9 | 10-12 | 13-15 || total
-------------------------+-------+-------+-------+-------+-------++-------
Melee: Short sword       |    74 |    44 |    66 |       |       ||   184
       Constrict         |    21 |    11 |    24 |    73 |    57 ||   186
       Tentacles         |    17 |    16 |    45 |   164 |   133 ||   375
       Punch             |     1 |       |     9 |    25 |    16 ||    51
       Hand axe          |       |       |    95 |   388 |   246 ||   729
       Kick              |       |       |       |       |   113 ||   113
       Dagger            |       |       |       |       |     9 ||     9
 Fire: Blowgun           |       |       |     3 |     9 |       ||    12
       Hunting sling     |       |       |     1 |       |       ||     1
       Shortbow          |       |       |       |     3 |       ||     3
 Cast: Searing Ray       |       |     3 |     2 |       |       ||     5
       Mephitic Cloud    |       |       |     2 |    20 |     1 ||    23
       Repel Missiles    |       |       |     1 |       |       ||     1
       Conjure Flame     |       |       |       |    10 |     4 ||    14
       Confuse           |       |       |       |     2 |       ||     2
       Dazzling Spray    |       |       |       |     2 |       ||     2
Invok: Slouch            |       |       |       |     1 |    10 ||    11
Evoke: Wand              |     5 |     7 |       |     6 |    15 ||    33
  Use: Scroll            |     1 |     6 |     1 |    11 |    16 ||    35
       Potion            |       |     4 |     2 |     7 |     4 ||    17
 Stab: Sleeping          |     8 |     4 |    10 |    30 |    15 ||    67
       Distracted        |       |       |     1 |     2 |     3 ||     6
       Confused          |       |       |       |    14 |     4 ||    18
  Eat: Chunk             |       |     1 |     4 |     8 |     6 ||    19
Armor: Skin              |     5 |     3 |    36 |    27 |     1 ||    72
Dodge: Dodged            |    53 |    59 |   139 |   386 |    91 ||   728
       Deflected         |       |       |       |     1 |     1 ||     2
Block: Buckler           |       |       |       |    41 |    19 ||    60
       Large shield      |       |       |       |       |   199 ||   199
